 Dungeon Crawl Stone Soup version 0.25.0-46-gbd7b0854d2 (webtiles) character file.

Game seed: 9622870353496749067

1863 DerDa the Sneak (level 9, -1/65 HPs)
             Began as a Gnoll Wanderer on July 16, 2020.
             Was an Initiate of Okawaru.
             Slain by Harold
             ... wielding a +0 short sword
              (12 damage)
             ... on level 7 of the Dungeon.
             The game lasted 00:11:58 (8109 turns).

DerDa the Sneak (Gnoll Wanderer)                    Turns: 8109, Time: 00:11:58

Health: -1/65      AC: 11    Str: 17    XL:     9   Next: 13%
Magic:  16/16      EV:  9    Int: 14    God:    Okawaru [......]
Gold:   315        SH:  0    Dex: 16    Spells: 17/17 levels left

rFire    . . .     SeeInvis .   n - +1 dagger (venom)
rCold    . . .     Gourm    .   (no shield)
rNeg     . . .     Faith    .   v - +0 chain mail (curse)
rPois    .         Spirit   .   (no helmet)
rElec    .         Reflect  .   K - +0 cloak (curse)
rCorr    .         Harm     .   (no gloves)
MR       .....                  A - +0 pair of boots
Stlth    ..........             (no amulet)
HPRegen  0.20/turn              y - ring of attention (curse)
MPRegen  0.15/turn              c - +4 ring of slaying

@: marked
A: distributed training, fangs 1, strong nose
a: Renounce Religion


You were on level 7 of the Dungeon.
You worshipped Okawaru.
Okawaru was noncommittal.
You were not hungry.

You visited 2 branches of the dungeon, and saw 8 of its levels.

You collected 315 gold pieces.

Inventory:

Hand Weapons
 n - a +1 dagger of venom (weapon)
 o - a +0 hunting sling
Missiles
 h - 248 stones (quivered)
 k - 62 bolts
 B - 69 sling bullets
 C - 16 poisoned darts
Armour
 d - a +0 robe
 m - a +0 ring mail
 v - a cursed +0 chain mail (worn)
 A - a +0 pair of boots (worn)
 K - a cursed +0 cloak (worn)
Jewellery
 c - a +4 ring of slaying (right hand)
 l - an uncursed ring of protection from magic
 y - a cursed ring of attention (left hand)
Scrolls
 b - 2 scrolls of blinking
 e - 12 scrolls of identify {unknown}
 j - 6 scrolls of remove curse {unknown}
 r - 4 scrolls of teleportation {unknown}
 s - 2 scrolls of enchant armour {unknown}
 t - a scroll of random uselessness {unknown}
 u - a scroll of amnesia {unknown}
 D - a scroll of magic mapping {unknown}
 F - a scroll of enchant weapon {unknown}
 H - a scroll of acquirement {unknown}
 I - 2 scrolls of fear {unknown}
Potions
 a - 2 potions of brilliance {unknown}
 g - 3 potions of might {unknown}
 i - 2 potions of curing
 p - a potion of cancellation {unknown}
 q - 2 potions of haste {unknown}
 w - a potion of heal wounds {unknown}
 x - a potion of degeneration {unknown}
 z - 3 potions of lignification {unknown}
 G - a potion of magic {unknown}
 J - a potion of invisibility {unknown}
Comestibles
 f - 10 rations


   Skills:
 + Level 3.8 Fighting
 + Level 3.8 Short Blades
 + Level 3.8 Long Blades
 + Level 3.8 Axes
 + Level 3.8 Maces & Flails
 + Level 3.8 Polearms
 + Level 3.8 Staves
 + Level 3.8 Slings
 + Level 3.8 Bows
 + Level 3.8 Crossbows
 + Level 3.8 Throwing
 + Level 3.8 Armour
 + Level 4.7 Dodging
 + Level 5.7 Stealth
 + Level 4.7 Shields
 + Level 3.8 Unarmed Combat
 + Level 4.8 Spellcasting
 + Level 3.1 Conjurations
 + Level 3.1 Hexes
 + Level 5.0 Charms
 + Level 3.1 Summonings
 + Level 3.1 Necromancy
 + Level 5.0 Translocations
 + Level 3.1 Transmutations
 + Level 3.1 Fire Magic
 + Level 3.1 Ice Magic
 + Level 3.1 Air Magic
 + Level 3.1 Earth Magic
 + Level 3.1 Poison Magic
 + Level 4.2 Invocations
 + Level 4.7 Evocations


You had 17 spell levels left.
You didn't know any spells.
Your spell library contained the following spells:

 Spells                   Type           Power        Failure   Level  Hunger
 Gell's Gravitas          Tloc           ###.......   67%         3    ###....
 Confusing Touch          Hex            ##......     91%         3    ###....
 Petrify                  Tmut/Erth      ##......     100%        4    ####...
 Metabolic Englaciation   Hex/Ice        ##........   100%        5    ######.
 Yara's Violent Unravell  Hex/Tmut       ##........   100%        5    ######.


Dungeon Overview and Level Annotations

Branches:
Dungeon (7/15)             Temple (1/1) D:6

Altars:
Ashenzari
Dithmenos
Fedhas
Gozag
Hepliaklqana
Kikubaaqudgha
Makhleb
Nemelex Xobeh
Okawaru
Qazlal
Ru
Sif Muna
Trog
Uskayaw
Wu Jian
Xom
Yredelemnul
Zin
The Shining One

Annotations:
D:4 2 transporters, Milting's ghost, amateur OpTm
D:7 Harold


Innate Abilities, Weirdness & Mutations

Your experience applies equally to all skills.
You have very sharp teeth.
Your uncanny sense of smell can sniff out nearby items.


Message History

Harold is lightly wounded.
Harold hits you with a +0 short sword!
You hit Harold.
Harold is lightly wounded.
Harold hits you with a +0 short sword!
* * * LOW HITPOINT WARNING * * *
You hit Harold but do no damage.
Harold is lightly wounded.
Harold closely misses you. Harold gestures at you while chanting.
The mark upon you grows brighter.
A hound skeleton comes into view.
Harold fires a harpoon shot at you. The harpoon shot hits you.
* * * LOW HITPOINT WARNING * * *
You are yanked forward by the harpoon shot.
You hit Harold but do no damage.
Harold looks even sicker.
Harold is moderately wounded.
Harold hits you with a +0 short sword!
You die...

#............#
###.........##
####.###.##
#.# #.# #.#
#.# #Z# .# #.#
.# #.# ?# #@#
.# #@# .#
#.###.#
#...@.#
#######


You could see Harold (resistant, very poisoned) and a hound skeleton.

Vanquished Creatures
  Eustachio (D:5)
  A phantom (D:4)
  A black bear (D:6)
  2 orc warriors (D:6)
  2 ogres
  A centaur (D:6)
  2 bullfrogs
  A big kobold (D:6)
  2 scorpions
  2 howler monkeys
  2 crimson imps (D:7)
  2 bullfrog zombies
  A hound (D:5)
  A jelly (D:6)
  A quasit (D:6)
  A centaur zombie (D:5)
  An orc priest (D:6)
  4 orc wizards
  An iguana (D:7)
  4 worker ants
  8 adders
  2 shadow imps (D:5)
  2 oozes
  An adder skeleton (D:4)
  2 worms
  6 dart slugs
  2 leopard geckos
  22 orcs
  2 ball pythons (D:2)
  5 bat zombies (D:5)
  4 giant cockroaches
  10 goblins
  7 hobgoblins
  9 jackals
  A quokka (D:6)
  3 bats
  6 frilled lizards
  7 kobolds
  A quokka zombie (D:6)
  6 rats
139 creatures vanquished.

Vanquished Creatures (others)
  An orc wizard (D:3)
1 creature vanquished.

Grand Total: 140 creatures vanquished

Notes
Turn   | Place    | Note
-------+----------+-------------------------------------------
     0 | D:1      | DerDa the Gnoll Wanderer began the quest for the Orb.
     0 | D:1      | DerDa set off with the following items: a +2 dagger, a
                  | scroll of blinking, a +0 spear, a +0 robe, a ration
     0 | D:1      | Reached XP level 1. HP: 13/13 MP: 4/4
    72 | D:1      | Reached XP level 2. HP: 12/19 MP: 5/5
   706 | D:1      | Reached XP level 3. HP: 25/25 MP: 7/7
  1366 | D:1      | Reached skill level 1 in Invocations
  2257 | D:2      | Reached skill level 1 in Fighting
  2257 | D:2      | Reached skill level 1 in Short Blades
  2257 | D:2      | Reached skill level 1 in Long Blades
  2257 | D:2      | Reached skill level 1 in Axes
  2257 | D:2      | Reached skill level 1 in Maces & Flails
  2257 | D:2      | Reached skill level 1 in Polearms
  2257 | D:2      | Reached skill level 1 in Staves
  2257 | D:2      | Reached skill level 1 in Slings
  2257 | D:2      | Reached skill level 1 in Bows
  2257 | D:2      | Reached skill level 1 in Crossbows
  2257 | D:2      | Reached skill level 1 in Throwing
  2257 | D:2      | Reached skill level 1 in Armour
  2257 | D:2      | Reached skill level 1 in Unarmed Combat
  2338 | D:2      | Reached XP level 4. HP: 29/32 MP: 8/8
  2976 | D:3      | Reached skill level 1 in Conjurations
  2976 | D:3      | Reached skill level 1 in Hexes
  2976 | D:3      | Reached skill level 1 in Summonings
  2976 | D:3      | Reached skill level 1 in Necromancy
  2976 | D:3      | Reached skill level 1 in Transmutations
  2976 | D:3      | Reached skill level 1 in Fire Magic
  2976 | D:3      | Reached skill level 1 in Ice Magic
  2976 | D:3      | Reached skill level 1 in Air Magic
  2976 | D:3      | Reached skill level 1 in Earth Magic
  2976 | D:3      | Reached skill level 1 in Poison Magic
  3543 | D:3      | Reached XP level 5. HP: 37/37 MP: 9/9
  4014 | D:3      | HP: 1/37 [poisoned by an adder]
  4555 | D:4      | Reached XP level 6. HP: 41/44 MP: 10/10
  4675 | D:4      | Noticed a phantom
  4757 | D:4      | Killed a phantom
  5142 | D:4      | Found a transporter.
  5143 | D:4      | Found a transporter.
  5143 | D:4      | Noticed Milting's ghost (amateur OpTm)
  5251 | D:5      | Entered Level 5 of the Dungeon
  5325 | D:5      | Reached XP level 7. HP: 44/50 MP: 12/12
  6135 | D:5      | Noticed Eustachio
  6154 | D:5      | Killed Eustachio
  6154 | D:5      | Reached skill level 5 in Stealth
  6241 | D:5      | Found an ancient bone altar of Kikubaaqudgha.
  6332 | D:5      | Reached XP level 8. HP: 55/57 MP: 14/14
  6814 | D:6      | Found a staircase to the Ecumenical Temple.
  6825 | Temple   | Entered the Ecumenical Temple
  6841 | Temple   | Became a worshipper of Warmaster Okawaru
  7045 | D:6      | Found an ornate altar of the Wu Jian Council.
  7047 | D:6      | Found a sacrificial altar of Ru.
  7048 | D:6      | Found a sparkling altar of Nemelex Xobeh.
  7049 | D:6      | Found a glowing golden altar of the Shining One.
  7051 | D:6      | Found a blossoming altar of Fedhas.
  7535 | D:6      | Found a shadowy altar of Dithmenos.
  7809 | D:7      | Reached XP level 9. HP: 63/65 MP: 14/16
  7929 | D:7      | Reached skill level 5 in Charms
  7929 | D:7      | Reached skill level 5 in Translocations
  8087 | D:7      | Noticed Harold
  8109 | D:7      | Slain by Harold

Illustrated notes

Levels and vault maps discovered:
D:1:      sevenhm_arrival_forest_fort_small_6, layout_basic, serial_forest,
          infiniplex_forest_zigzag_1, infiniplex_forest_lined_corner,
          infiniplex_forest_fountain, infiniplex_forest_clump_curved,
          infiniplex_forest_end_3, infiniplex_forest_fountain
D:2:      layout_basic
D:3:      minmay_inner_zag, layout_loops_corners, first_ration
D:4:      layout_cave_pools, gammafunk_ghost_smash
D:5:      layout_cave_pods, lemuel_zombie_altar_kikubaaqudgha, uniq_eustachio
D:6:      layout_basic, grunt_temple_overflow_open, minmay_temple_entry_hall,
          nicolae_dithmenos_shadow_blocks
D:7:      cheibrodos_quashed, layout_loops_ring, lemuel_crystal_altar,
          uniq_harold
Temple:   dshaligram_water_room_temple

Skill      XL: |  1  2  3  4  5  6  7  8  9 |
---------------+----------------------------+-----
Invocations    | 1 2 3 4 |  4.2
Fighting       | 1 2 3 |  3.8
Short Blades   | 1 2 3 |  3.8
Long Blades    | 1 2 3 |  3.8
Axes           | 1 2 3 |  3.8
Maces & Flails | 1 2 3 |  3.8
Polearms       | 1 2 3 |  3.8
Staves         | 1 2 3 |  3.8
Slings         | 1 2 3 |  3.8
Bows           | 1 2 3 |  3.8
Crossbows      | 1 2 3 |  3.8
Throwing       | 1 2 3 |  3.8
Armour         | 1 2 3 |  3.8
Unarmed Combat | 1 2 3 |  3.8
Spellcasting   | 3 4 |  4.8
Conjurations   | 1 2 3 |  3.1
Hexes          | 1 2 3 |  3.1
Summonings     | 1 2 3 |  3.1
Necromancy     | 1 2 3 |  3.1
Transmutations | 1 2 3 |  3.1
Fire Magic     | 1 2 3 |  3.1
Ice Magic      | 1 2 3 |  3.1
Air Magic      | 1 2 3 |  3.1
Earth Magic    | 1 2 3 |  3.1
Poison Magic   | 1 2 3 |  3.1
Dodging        | 3 4 |  4.7
Shields        | 3 4 |  4.7
Evocations     | 3 4 |  4.7
Charms         | 4 5 |  5.0
Translocations | 4 5 |  5.0
Stealth        | 5 |  5.7

Action                   |  1- 3 |  4- 6 |  7- 9 || total
-------------------------+-------+-------+-------++-------
Melee: Dagger            |    86 |   215 |   239 ||   540
       Bite              |    11 |    38 |    40 ||    89
       Punch             |       |     3 |     5 ||     8
  Use: Potion            |       |     1 |       ||     1
 Stab: Sleeping          |     5 |     1 |       ||     6
       Distracted        |     1 |       |       ||     1
  Eat: Chunk             |     4 |    10 |     9 ||    23
Armor: Robe              |     6 |       |       ||     6
       Ring mail         |     3 |    31 |       ||    34
       Chain mail        |       |    64 |   146 ||   210
Dodge: Dodged            |    43 |    80 |   105 ||   228
